 Dungeon Crawl Stone Soup version 0.26.1-11-gd32895ea62 (webtiles) character file.

Game seed: 10080855437781768278

107 Zeld the Digger (level 4, -6/24 HPs)
             Began as a Gargoyle Earth Elementalist on Sept 6, 2021.
             Mangled by a wight
             ... wielding a +3 morningstar
              (14 damage)
             ... on level 3 of the Dungeon.
             The game lasted 00:02:43 (2919 turns).

Zeld the Digger (Gargoyle Earth Elementalist)       Turns: 2919, Time: 00:02:44

Health: -6/24      AC:  6    Str: 11    XL:     4   Next: 86%
Magic:  2/8        EV: 12    Int: 17    God:
Gold:   181        SH:  0    Dex: 10    Spells: 2/8 levels left

rFire    . . .     SeeInvis .   a - +0 whip (venom)
rCold    . . .     Faith    .   (no shield)
rNeg     + . .     Spirit   .   c - +0 robe
rPois    ∞         Reflect  .   q - +0 helmet
rElec    +         Harm     .   (no cloak)
rCorr    .         Rampage  .   (no gloves)
Will     .....                  (no boots)
Stlth    ++........             (no amulet)
HPRegen  0.08/turn              (no ring)
MPRegen  0.11/turn              (no ring)

@: no status effects
A: negative energy resistance 1, electricity resistance, unbreathing,
petrification resistance, miasma immunity, AC +3
a: no special abilities


You were on level 3 of the Dungeon.
You visited 1 branch of the dungeon, and saw 3 of its levels.

You collected 181 gold pieces.

Inventory:

Hand Weapons
 a - a +0 whip of venom (weapon)
Missiles
 b - 63 stones (quivered)
Armour
 c - a +0 robe (worn)
 q - a +0 helmet (worn)
Jewellery
 d - a cursed amulet of inaccuracy {unknown}
 i - a cursed -4 ring of evasion {unknown}
 n - an uncursed amulet of regeneration {unknown}
Scrolls
 e - 5 scrolls of identify {unknown}
 g - 2 scrolls of teleportation {unknown}
 h - 3 scrolls of remove curse {unknown}
 k - a scroll of fog {unknown}
 l - 2 scrolls of amnesia {unknown}
 r - a scroll of enchant armour {unknown}
 t - a scroll of magic mapping {unknown}
Potions
 f - a potion of ambrosia {unknown}
 j - a potion of cancellation {unknown}
 m - a potion of heal wounds {unknown}
 o - 2 potions of attraction {unknown}
 p - 3 potions of curing {unknown}
 s - a potion of brilliance {unknown}


   Skills:
 + Level 1.4 Armour
 + Level 1.9 Dodging
 + Level 2.9 Stealth
 * Level 2.7 Spellcasting
 + Level 1.1 Conjurations
 - Level 1.0 Transmutations
 * Level 4.5 Earth Magic


You had 2 spell levels left.
You knew the following spells:

 Your Spells              Type           Power        Failure   Level
a - Sandblast             Erth           34%          2%          1
b - Passwall              Tmut/Erth      9%           9%          2
c - Stone Arrow           Conj/Erth      24%          17%         3

Your spell library contained the following spells:

 Spells                   Type           Power        Failure   Level
 Petrify                  Tmut/Erth      11%          50%         4
 Lee's Rapid Deconstruct  Erth           8%           61%         5


Dungeon Overview and Level Annotations

Branches:
Dungeon (3/15)

Altars:
Hepliaklqana
Vehumet


Innate Abilities, Weirdness & Mutations

You are resistant to torment.
Your stone body is resilient. (AC +3)
You are immune to poison.
You resist negative energy. (rN+)
You are resistant to electric shocks. (rElec)
You can survive without breathing.
You are immune to petrification.
You are immune to miasma.


Message History

Press: ? - help, Shift-Dir - straight line, f/p - wight
Aim: a wight, wielding a +2 great sword of freezing and wearing a +0 robe (heavily damaged, 21% to evade)
The blast of sand hits the wight.
The wight is heavily damaged.
b - 64 stones
Casting: Sandblast (safe; 2% risk of failure)
Confirm with . or Enter, or press ? or * to list all spells.
Aiming: Sandblast (safe; 2% risk of failure)
Press: ? - help, Shift-Dir - straight line, f/p - wight
Aim: a wight, wielding a +2 great sword of freezing and wearing a +0 robe (heavily damaged, 21% to evade)
The blast of sand hits the wight but does no damage.
The wight is heavily damaged.
b - 63 stones The wight barely misses you.
You hit the wight but do no damage.
The wight hits you with a +2 great sword of freezing!
The wight freezes you.
The wight hits you with a +3 morningstar!
Ouch! That really hurt!
You die...

#### ############ ...#
#..........# ...#
#.##.......#
...#####.##.......#
...'..((.(...(.>..#
...###.#.###......# .
.......#.#
####'#####...
....<..#.# #...zz......
########.# #...@zz)..##
.........# #....z....#
.........####.........#
...........##.........#
########.<#####+#######
#..# ##.## #..# #..#


You could see 5 wights.

Vanquished Creatures
  A bullfrog skeleton (D:3)
  Terence (D:3)
  An adder (D:2)
  A gnoll (D:1)
  A worm (D:3)
  A leopard gecko (D:3)
  A ball python (D:1)
  A giant cockroach (D:1)
  A goblin (D:1)
  6 hobgoblins
  4 jackals (D:1)
  3 bats (D:1)
  2 frilled lizards (D:1)
  7 kobolds
  3 rats
34 creatures vanquished.

Notes
Turn   | Place    | Note
-------+----------+-------------------------------------------
     0 | D:1      | Zeld the Gargoyle Earth Elementalist began the quest for
                  | the Orb.
     0 | D:1      | Reached XP level 1. HP: 10/10 MP: 3/3
     2 | D:1      | Noticed a naga
     2 | D:1      | Noticed a halfling
     4 | D:1      | Noticed a minotaur
     4 | D:1      | Noticed a draconian
     6 | D:1      | Noticed a troll
     8 | D:1      | Noticed a dwarf
     8 | D:1      | Noticed an elf
    10 | D:1      | Noticed a vampire
    10 | D:1      | Noticed a demonspawn
    12 | D:1      | Noticed an ogre
    14 | D:1      | Noticed a centaur
    14 | D:1      | Noticed a ghoul
    16 | D:1      | Noticed a formicid
    16 | D:1      | Noticed a human
    18 | D:1      | Noticed a spriggan
    20 | D:1      | Noticed a gargoyle
    22 | D:1      | Noticed a merfolk
    22 | D:1      | Noticed a tengu
    24 | D:1      | Noticed a vine stalker
    24 | D:1      | Noticed a demigod
    26 | D:1      | Noticed a felid
    26 | D:1      | Noticed an octopode
   125 | D:1      | Reached XP level 2. HP: 15/15 MP: 1/5
   224 | D:1      | Reached skill level 1 in Transmutations
   224 | D:1      | Reached skill level 4 in Earth Magic
   484 | D:1      | Reached XP level 3. HP: 19/19 MP: 6/6
   487 | D:1      | Learned a level 2 spell: Passwall
   491 | D:1      | Learned a level 3 spell: Stone Arrow
  1414 | D:2      | Found a hazy altar of Hepliaklqana.
  1441 | D:2      | Reached skill level 1 in Armour
  2394 | D:3      | Noticed Terence
  2407 | D:3      | Killed Terence
  2408 | D:3      | Reached XP level 4. HP: 20/24 MP: 7/7
  2516 | D:3      | Found a radiant altar of Vehumet.
  2910 | D:3      | Reached skill level 1 in Conjurations
  2919 | D:3      | Mangled by a wight

Illustrated notes

Levels and vault maps discovered:
D:1:      kb_arrival_jail, layout_loops_ring, st_stairs_10
D:2:      layout_loops_ring, marbit_many_paths, lemuel_old_faithful
D:3:      layout_basic, makhleb_blood_cavern_becter, overflow_temple_1_default,
          vehumet_crystals, minmay_ogre_servants, uniq_terence

Skill      XL: |  1  2  3  4 |
---------------+-------------+-----
Transmutations | 1 |  1.0
Earth Magic    | 4 |  4.5
Armour         | 1 |  1.4
Conjurations   | 1 |  1.1
Dodging        | |  1.9
Stealth        | |  2.9
Spellcasting   | |  2.7

Action                   |  1- 3 |  4- 6 || total
-------------------------+-------+-------++-------
Melee: Whip              |    88 |    19 ||   107
 Cast: Sandblast         |     6 |     6 ||    12
 Stab: Sleeping          |     4 |     1 ||     5
Armor: Robe              |    30 |     4 ||    34
Dodge: Dodged            |    63 |    12 ||    75
